 Dungeon Crawl Stone Soup version 0.21.1-1-g345015f (webtiles) character file.

18190 spiff the Covert (level 12, 87/87 HPs)
             Began as a Halfling Enchanter on July 9, 2018.
             Was an Elder of Dithmenos.
             Quit the game on level 3 of the Lair of Beasts on July 11, 2018.
             The game lasted 00:41:04 (15676 turns).

spiff the Covert (Halfling Enchanter)              Turns: 15676, Time: 00:41:05

Health: 87/87      AC:  8    Str: 13    XL:     12   Next: 92%
Magic:  14/14      EV: 18    Int: 13    God:    Dithmenos [****..]
Gold:   389        SH:  0    Dex: 16    Spells: 10/14 levels left

rFire    . . .     SeeInvis .   a - +8 dagger (elec)
rCold    . . .     Gourm    .   (shield restricted)
rNeg     . . .     Faith    .   O - +0 robe (curse)
rPois    +         Spirit   .   A - +1 hat
rElec    .         Reflect  .   H - +1 cloak
rCorr    .         Harm     .   (no gloves)
MR       .....                  (no boots)
Stlth    +++++++...             (no amulet)
HPRegen  0.24/turn              j - +3 ring of protection
MPRegen  0.14/turn              r - ring of poison resistance

@: wreathed by umbra
A: small, mutation resistance 1
a: Shadow Step, Renounce Religion


You were on level 3 of the Lair of Beasts.
You worshipped Dithmenos.
Dithmenos was greatly pleased with you.
You were not hungry.

You visited 3 branches of the dungeon, and saw 13 of its levels.

You collected 454 gold pieces.
You spent 65 gold pieces at shops.

Inventory:

Hand Weapons
 a - a +8 dagger of electrocution (weapon)
 b - a +0 hunting sling
 p - a +0 long sword
Missiles
 g - 249 stones (quivered)
 J - 24 sling bullets
Armour
 e - a +0 robe
 t - a +0 shield
 A - a +1 hat (worn)
 H - a +1 cloak (worn)
 O - a cursed +0 robe (worn)
Jewellery
 i - an uncursed ring of see invisible
 j - a +3 ring of protection (left hand)
 l - an uncursed ring of magical power {unknown}
 r - a ring of poison resistance (right hand)
 y - an uncursed ring of protection from magic
 I - an uncursed amulet of guardian spirit
 T - an uncursed ring of magical power {unknown}
Wands
 h - a wand of enslavement (6)
 x - a wand of paralysis (24)
 E - a wand of clouds (7)
 K - a wand of digging (21)
Scrolls
 m - 3 scrolls of enchant armour {unknown}
 o - 3 scrolls of identify
 u - 2 scrolls of magic mapping
 w - 3 scrolls of amnesia {unknown}
 C - 2 scrolls of fear {unknown}
 D - 2 scrolls of blinking {unknown}
 G - 4 scrolls of remove curse
 L - 3 scrolls of teleportation
 M - 2 scrolls of fog {unknown}
Potions
 f - 5 potions of curing
 k - 3 potions of heal wounds
 n - a potion of magic
 q - 2 potions of agility
 s - 2 potions of mutation
 v - 5 potions of might
 z - 2 potions of lignification
 B - a potion of haste
 F - a potion of cancellation
 N - a potion of invisibility {unknown}
 P - a potion of berserk rage {unknown}
 R - a potion of brilliance {unknown}
Books
 c - a book of Maledictions

   Spells                             Type                      Level
   a - Corona                         Hexes                        1
   b - Ensorcelled Hibernation        Hexes/Ice                    2
   c - Confuse                        Hexes                        3
   d - Tukima's Dance                 Hexes                        3
   e - Dazzling Spray                 Conjuration/Hexes            3
 Q - a book of Cantrips

   Spells                             Type                      Level
   a - Confusing Touch                Hexes                        1
   b - Animate Skeleton               Necromancy                   1
   c - Summon Small Mammal            Summoning                    1
   d - Apportation                    Translocation                1
Comestibles
 d - 10 rations


   Skills:
 - Level 10.0 Fighting
 - Level 1.2(7.4) Short Blades
 + Level 9.8 Long Blades
 - Level 5.0 Dodging
 - Level 10.1 Stealth
 - Level 1.5 Spellcasting
 + Level 9.7 Hexes


You had 10 spell levels left.
You knew the following spells:

 Your Spells              Type           Power        Failure   Level  Hunger
a - Corona                Hex            ####...      1%          1    ##.....
b - Confuse               Hex            ####....     1%          3    ####...


Dungeon Overview and Level Annotations

Branches:
Dungeon (9/15)             Temple (1/1) D:6            Lair (3/6) D:9
  Snake (0/4) Lair:2
  Swamp: Lair:2-4    Shoals: Lair:2-4       Orc: D:9-12

Altars:
Ashenzari
Cheibriados
Dithmenos
Elyvilon
Fedhas
Gozag
Hepliaklqana
Kikubaaqudgha
Makhleb
Nemelex Xobeh
Okawaru
Qazlal
Ru
Sif Muna
Trog
Uskayaw
Vehumet
Wu Jian
Xom
Yredelemnul
Zin
The Shining One

Shops:
D:7 *   D:9 !

Annotations:
D:7 1 runed door
Lair:3 Sonja


Innate Abilities, Weirdness & Mutations

You are small and have problems with some larger weapons.
You are somewhat resistant to further mutation.


Message History

The killer bee misses you.
You hit the killer bee but do no damage.
The killer bee is severely wounded.
The killer bee stings you but does no damage.
You hit the killer bee.
Lightning courses through the killer bee!
You kill the killer bee!
Dithmenos accepts your kill.
A killer bee comes into view.
Found a ration.
A killer bee comes into view.
You see here a killer bee corpse.
There is a stone staircase leading up, spattered with blood here.
There is a stone staircase leading up, spattered with blood here.
Save game and exit?
Level annotation: Sonja Welcome back, spiff the Halfling Enchanter.
Dithmenos says: Spread the eternal night.
Press ? for a list of commands and other information.
Are you sure you want to abandon this character and quit the game? (Confirm with "yes".)

### ##.......≈§.. ###.#
#.....≈≈≈§≈≈≈
####...##....§≈≈≈§≈≈≈§
#...........≈§≈≈≈≈≈§≈§ #
#..........≈≈≈≈≈≈≈§≈≈≈
.#.+..>.......§≈§≈≈§....≈
+............§§≈§≈§..##..
##.........§≈≈≈≈..##
#.....@.†..§§≈≈§.#.
######.#.§§≈§≈≈. ###
#...§§≈≈≈§.
##.####.#.§§§§≈§.
#..#.#...P..≈≈≈≈≈ #
#..†.......≈≈≈≈≈ .y.
###...........≈≈§≈
.yy.%#y+...........≈§§
.%..................§§


There were no monsters in sight!

Vanquished Creatures
  A two-headed ogre (D:9)
  A centaur warrior (D:9)
  The ghost of CrazyArbalest the Quickloader, a novice KoHu of Okawaru (D:8)
  A centaur zombie (D:8)
  A black mamba (Lair:3)
  2 spiny frogs
  2 komodo dragons
  A rime drake (Lair:2)
  A hellwing (D:8)
  A harpy zombie (D:8)
  The ghost of CrazyArbalest the Covert, a novice SpAs of Gozag (D:6)
  A hornet (D:9)
  A meliai zombie (D:8)
  4 hippogriffs
  10 blink frogs
  Sigmund (D:5)
  A spriggan (D:9)
  A wyvern (D:8)
  13 yaks
  2 hungry ghosts (D:9)
  A basilisk (Lair:1)
  4 nagas (Lair:2)
  2 hell hounds (D:9)
  5 water moccasins
  4 porcupines
  3 ice beasts
  5 orc warriors
  A phantom (D:2)
  2 sky beasts
  2 black bears
  5 wolves (Lair:2)
  A hornet zombie (D:7)
  A necrophage (D:9)
  3 centaurs (D:7)
  3 ogres
  Blork the orc (D:6)
  2 crocodiles
  9 bullfrogs
  2 big kobolds
  2 scorpions (D:7)
  A water moccasin zombie (D:8)
  18 killer bees
  10 wights (D:9)
  2 howler monkeys
  An electric eel (D:9)
  A bullfrog zombie (D:5)
  3 crimson imps
  3 orc priests
  2 jellies (D:6)
  A quasit (D:9)
  3 centaur skeletons
  4 hounds
  9 orc wizards
  A bullfrog skeleton (D:9)
  3 iguanas
  9 worker ants
  A hound skeleton (D:7)
  A howler monkey skeleton (D:8)
  16 adders
  5 shadow imps
  An adder skeleton (D:4)
  An adder zombie (D:8)
  2 worms
  4 dart slugs
  9 leopard geckos
  28 orcs
  6 ball pythons
  9 bats
  10 giant cockroaches
  5 goblins
  12 hobgoblins
  4 jackals
  23 kobolds
  6 quokkas
  4 frilled lizards
  A jackal zombie (D:5)
  9 rats
  A butterfly (D:7)
334 creatures vanquished.

Vanquished Creatures (collateral kills)
  A killer bee (D:7)
1 creature vanquished.

Vanquished Creatures (others)
  A killer bee (D:7)
  3 fungi (Lair:2)
4 creatures vanquished.

Grand Total: 339 creatures vanquished

Notes
Turn   | Place    | Note
-------+----------+-------------------------------------------
     0 | D:1      | spiff the Halfling Enchanter began the quest for the Orb.
     0 | D:1      | Reached XP level 1. HP: 11/11 MP: 3/3
   228 | D:1      | Reached XP level 2. HP: 15/18 MP: 2/4
   637 | D:1      | Reached skill level 1 in Fighting
   637 | D:1      | Reached XP level 3. HP: 22/23 MP: 5/5
  1353 | D:1      | Learned a level 3 spell: Confuse
  1474 | D:2      | Reached XP level 4. HP: 27/28 MP: 6/6
  1987 | D:2      | Found a sacrificial altar of Ru.
  2051 | D:2      | Reached XP level 5. HP: 30/34 MP: 7/7
  2162 | D:2      | Found a faded altar of an unknown god.
  2240 | D:3      | Noticed a dagger
  2240 | D:3      | Found a hide-covered altar of Uskayaw.
  2279 | D:3      | Noticed a hand axe
  2686 | D:3      | Noticed a phantom
  2725 | D:2      | Killed a phantom
  2725 | D:2      | Reached skill level 5 in Stealth
  2725 | D:2      | Reached XP level 6. HP: 31/41 MP: 3/8
  3294 | D:3      | Reached XP level 7. HP: 29/45 MP: 9/9
  3481 | D:4      | Found an ancient bone altar of Kikubaaqudgha.
  4183 | D:5      | Entered Level 5 of the Dungeon
  4336 | D:5      | Found a basalt altar of Yredelemnul.
  4374 | D:5      | Reached skill level 5 in Dodging
  4432 | D:5      | Reached XP level 8. HP: 52/52 MP: 10/10
  4788 | D:5      | Noticed Sigmund
  4844 | D:5      | Killed Sigmund
  5044 | D:6      | Found an ornate altar of the Wu Jian Council.
  5044 | D:6      | Noticed CrazyArbalest's ghost (novice SpAs)
  5052 | D:6      | Killed CrazyArbalest's ghost
  5133 | D:6      | Found a staircase to the Ecumenical Temple.
  5149 | Temple   | Entered the Ecumenical Temple
  5365 | D:6      | Noticed Blork the orc
  5381 | D:6      | Reached skill level 5 in Fighting
  5381 | D:6      | Reached skill level 5 in Hexes
  5381 | D:6      | Reached XP level 9. HP: 61/61 MP: 5/11
  5443 | D:6      | Killed Blork the orc
  5506 | D:6      | You fall through a shaft for 2 floors!
  5630 | D:8      | Found a shadowy altar of Dithmenos.
  5645 | D:8      | Became a worshipper of Dithmenos the Shadowed
  6075 | D:7      | Reached skill level 10 in Stealth
  6424 | D:7      | Reached skill level 1 in Long Blades
  6447 | D:7      | Reached * piety under Dithmenos
  6536 | D:7      | Found Muz Ydett's General Store.
  6789 | D:7      | Found a runed door.
  7090 | D:7      | Found a runed door.
  7142 | D:7      | Reached XP level 10. HP: 37/68 MP: 9/12
  8097 | D:8      | Noticed CrazyArbalest's ghost (novice KoHu)
  8135 | D:8      | Killed CrazyArbalest's ghost
  8197 | D:8      | Reached ** piety under Dithmenos
  8271 | D:8      | Reached skill level 5 in Long Blades
  8811 | D:9      | Noticed a two-headed ogre
  8813 | D:9      | Killed a two-headed ogre
  8813 | D:9      | Reached XP level 11. HP: 75/75 MP: 13/13
  8928 | D:9      | Found Deadgh's Distillery.
  8988 | D:9      | Bought a potion of heal wounds for 65 gold pieces
  9364 | D:9      | Found a staircase to the Lair.
 10390 | D:9      | Noticed a centaur warrior
 10409 | D:9      | Killed a centaur warrior
 10409 | D:9      | Reached *** piety under Dithmenos
 11567 | D:9      | Found a sparkling altar of Nemelex Xobeh.
 11590 | Lair:1   | Entered Level 1 of the Lair of Beasts
 12061 | Lair:1   | Reached XP level 12. HP: 67/85 MP: 3/14
 12185 | Lair:1   | Noticed a six-headed hydra
 13068 | Lair:2   | Reached **** piety under Dithmenos
 13507 | Lair:2   | Found a staircase to the Snake Pit.
 14743 | Lair:3   | Noticed Sonja
 14744 | Lair:3   | Reached skill level 10 in Fighting
 15676 | Lair:3   | Quit the game

Skill      XL: |  1  2  3  4  5  6  7  8  9 10 11 12 |
---------------+-------------------------------------+-----
Fighting       | 1 2 3 5 7 9 10 | 10.0
Dodging        | 3 4 5 |  5.0
Stealth        | 4 5 6 7 10 | 10.1
Hexes          | 3 5 7 8 9 |  9.7
Long Blades    | 2 5 7 9 |  9.8
Short Blades   | |  1.2
Spellcasting   | |  1.5

Action                   |  1- 3 |  4- 6 |  7- 9 | 10-12 || total
-------------------------+-------+-------+-------+-------++-------
Melee: Dagger            |    99 |   182 |   232 |   729 ||  1242
 Fire: Hunting sling     |       |    10 |       |     2 ||    12
 Cast: Corona            |     5 |       |       |       ||     5
       Confuse           |       |     2 |    12 |    87 ||   101
Evoke: Wand              |       |       |     5 |     2 ||     7
  Use: Scroll            |       |       |    20 |     4 ||    24
 Stab: Sleeping          |     3 |     6 |    21 |    20 ||    50
       Confused          |       |       |     3 |    17 ||    20
       Distracted        |       |       |       |     4 ||     4
       Paralysed         |       |       |       |     1 ||     1
  Eat: Chunk             |     2 |     6 |    14 |    27 ||    49
       Ration            |       |       |       |     5 ||     5
Armor: Robe              |    14 |    30 |    27 |   101 ||   172
Dodge: Dodged            |    76 |   150 |   171 |   661 ||  1058
